[ PARTIDA AOE2 · #488305984 ]
UnrankedFrancos vs Khmer
[ ANÁLISIS DE REPETICIÓN · EXTRAÍDO DE LA PARTIDA GRABADA ]
Feudal
11:28
Castillos
17:11
Imperial
—
| APM promedio | 33.4 |
| APM pico | 67 |
| eAPM promedio | 27.8 |
| Aldeanos / militares | 214 / 344 |
Foco
⚔️ 50.4% · 🌾 49.6%
Scout Cavalry ×291 · Knight ×50 · Spearman ×2 · Monk ×1
Feudal
10:16
Castillos
29:14
Imperial
51:33
| APM promedio | 52.8 |
| APM pico | 106 |
| eAPM promedio | 23.2 |
| Aldeanos / militares | 82 / 152 |
Foco
⚔️ 25.7% · 🌾 74.3%
Skirmisher ×126 · Archer ×21 · Fire Lancer ×4 · Spearman ×1
Feudal
10:50
Castillos
14:28
Imperial
36:17
| APM promedio | 21.0 |
| APM pico | 51 |
| eAPM promedio | 14.0 |
| Aldeanos / militares | 106 / 122 |
Foco
⚔️ 27.6% · 🌾 72.4%
Spearman ×85 · Knight ×18 · Battle Elephant ×10 · Ballista Elephant ×6 · Trebuchet (Packed) ×3
Feudal
11:30
Castillos
15:29
Imperial
31:35
| APM promedio | 35.2 |
| APM pico | 97 |
| eAPM promedio | 15.0 |
| Aldeanos / militares | 131 / 249 |
Foco
⚔️ 28.2% · 🌾 71.8%
Steppe Lancer ×193 · Camel Scout ×30 · Trebuchet (Packed) ×13 · Battering Ram ×11 · Mangonel ×2
Feudal
9:44
Castillos
21:29
Imperial
35:35
| APM promedio | 54.9 |
| APM pico | 89 |
| eAPM promedio | 21.3 |
| Aldeanos / militares | 104 / 257 |
Foco
⚔️ 42.2% · 🌾 57.8%
Archer ×178 · Scout Cavalry ×39 · Mameluke ×20 · Knight ×6 · Trebuchet (Packed) ×6 · Mangonel ×4
Feudal
11:22
Castillos
17:39
Imperial
30:01
| APM promedio | 27.9 |
| APM pico | 106 |
| eAPM promedio | 21.2 |
| Aldeanos / militares | 102 / 134 |
Foco
⚔️ 32.2% · 🌾 67.8%
Spearman ×109 · Knight ×13 · Trebuchet (Packed) ×4 · Mangonel ×3 · Skirmisher ×3 · Bombard Cannon ×2
Mapa de la partida
Recursos iniciales + cada clic de construcción. Líneas = muros · curvas = relieve. ◆ oro · ⬟ piedra · ● bayas · ✦ reliquia · ◌ hueco del cierre
Tu base· ✓ Cerrada en 17:11 · 24t muro · 2 puerta(s)
Base de emreabay· ✓ Cerrada en 29:14 · 34t muro · 1 puerta(s)
Base de Yano· ✓ Cerrada en 14:28 · 4t muro · 1 puerta(s)
Base de Rovey· ✓ Cerrada en 15:29 · 10t muro · 1 puerta(s)
Base de Kefko2112· ✓ Cerrada en 21:29 · 6t muro · 1 puerta(s)
Base de luckyseven2· ✓ Cerrada en 17:39 · 12t muro · 1 puerta(s)
Terreno inicial suavizado · ◌ = hueco del cierre detectado · pasá el cursor para detalles
Inputs por minuto
— GroenBoer | PromoStars.co.za - - emreabay
Build order — GroenBoer | PromoStars.co.za
Primeras 150 de 815 acciones detectadas
| 0:02 | Crear | Villager (Male) |
| 0:03 | Crear | Villager (Male) |
| 0:06 | Construir | House |
| 0:08 | Construir | House |
| 0:21 | Crear | Villager (Male) |
| 0:21 | Crear | Villager (Male) |
| 1:41 | Crear | Villager (Male) |
| 1:41 | Crear | Villager (Male) |
| 2:08 | Crear | Villager (Male) |
| 2:08 | Crear | Villager (Male) |
| 2:12 | Construir | Lumber Camp |
| 2:30 | Crear | Villager (Male) |
| 2:46 | Crear | Villager (Male) |
| 2:46 | Crear | Villager (Male) |
| 3:08 | Crear | Villager (Male) |
| 3:09 | Crear | Villager (Male) |
| 3:38 | Construir | House |
| 3:43 | Crear | Villager (Male) |
| 3:43 | Crear | Villager (Male) |
| 3:53 | Crear | Villager (Male) |
| 3:54 | Crear | Villager (Male) |
| 3:57 | Construir | House |
| 4:26 | Crear | Villager (Male) |
| 4:44 | Construir | Palisade Wall |
| 4:47 | Construir | Palisade Gate |
| 5:03 | Crear | Villager (Male) |
| 5:04 | Crear | Villager (Male) |
| 5:50 | Construir | Mill |
| 5:58 | Crear | Villager (Male) |
| 5:59 | Crear | Villager (Male) |
| 6:07 | Construir | House |
| 6:10 | Construir | House |
| 6:16 | Crear | Villager (Male) |
| 6:23 | Crear | Villager (Male) |
| 7:24 | Crear | Villager (Male) |
| 7:51 | Crear | Villager (Male) |
| 8:00 | Construir | Farm |
| 8:06 | Construir | Farm |
| 8:09 | Crear | Villager (Male) |
| 8:33 | Construir | Farm |
| 8:53 | Crear | Villager (Male) |
| 8:56 | Investigar | Feudal Age |
| 9:29 | Construir | Lumber Camp |
| 9:44 | Crear | Villager (Male) |
| 9:44 | Crear | Villager (Male) |
| 10:01 | Construir | House |
| 10:03 | Construir | House |
| 10:30 | Construir | Mining Camp |
| 10:44 | Crear | Villager (Male) |
| 11:07 | Crear | Villager (Male) |
| 11:28 | Edad | Edad Feudal |
| 11:32 | Crear | Villager (Male) |
| 11:33 | Investigar | Double-Bit Axe |
| 11:40 | Investigar | Gold Mining |
| 11:47 | Construir | Barracks |
| 11:58 | Construir | Gate |
| 12:00 | Construir | Stone Wall |
| 12:05 | Construir | Stone Wall |
| 12:12 | Crear | Villager (Male) |
| 12:27 | Construir | Market |
| 13:02 | Construir | Blacksmith |
| 13:47 | Construir | Farm |
| 13:52 | Construir | Farm |
| 13:55 | Construir | Farm |
| 13:57 | Crear | Villager (Male) |
| 14:03 | Construir | Farm |
| 14:08 | Construir | Farm |
| 14:31 | Investigar | Castle Age |
| 14:50 | Construir | Lumber Camp |
| 14:59 | Construir | Lumber Camp |
| 15:27 | Construir | Stable |
| 15:43 | Investigar | Scale Barding Armor |
| 15:55 | Investigar | Forging |
| 16:02 | Construir | Farm |
| 16:07 | Construir | Farm |
| 16:25 | Crear | Scout Cavalry |
| 16:31 | Construir | Farm |
| 17:06 | Crear | Scout Cavalry |
| 17:06 | Crear | Scout Cavalry |
| 17:11 | Edad | Edad de los Castillos |
| 17:12 | Investigar | Loom |
| 17:18 | Construir | Town Center |
| 17:30 | Construir | Town Center |
| 17:36 | Investigar | Bow Saw |
| 17:36 | Investigar | Bow Saw |
| 17:54 | Crear | Villager (Male) |
| 17:54 | Crear | Villager (Male) |
| 18:18 | Crear | Villager (Male) |
| 18:19 | Crear | Villager (Male) |
| 18:30 | Crear | Villager (Male) |
| 18:30 | Crear | Villager (Male) |
| 18:37 | Construir | Town Center |
| 18:50 | Crear | Villager (Male) |
| 18:50 | Crear | Villager (Male) |
| 19:09 | Crear | Villager (Male) |
| 19:09 | Crear | Villager (Male) |
| 19:31 | Construir | Farm |
| 19:31 | Construir | Farm |
| 19:32 | Construir | Farm |
| 19:32 | Construir | Farm |
| 19:32 | Construir | Farm |
| 19:33 | Construir | Farm |
| 19:37 | Crear | Villager (Male) |
| 19:37 | Crear | Villager (Male) |
| 19:37 | Crear | Villager (Male) |
| 19:55 | Crear | Knight |
| 20:06 | Construir | Farm |
| 20:09 | Crear | Villager (Male) |
| 20:09 | Crear | Villager (Male) |
| 20:19 | Crear | Villager (Male) |
| 20:25 | Construir | Farm |
| 20:25 | Construir | Farm |
| 20:25 | Construir | Farm |
| 20:26 | Construir | Farm |
| 20:26 | Construir | Farm |
| 20:26 | Construir | Farm |
| 20:26 | Construir | Farm |
| 20:27 | Construir | Farm |
| 20:27 | Construir | Farm |
| 20:28 | Construir | Farm |
| 20:28 | Construir | Farm |
| 20:29 | Construir | Farm |
| 20:46 | Crear | Knight |
| 20:48 | Crear | Villager (Male) |
| 20:48 | Crear | Villager (Male) |
| 20:58 | Crear | Villager (Male) |
| 21:10 | Construir | Farm |
| 21:10 | Construir | Farm |
| 21:12 | Construir | Farm |
| 21:16 | Crear | Knight |
| 21:19 | Crear | Villager (Male) |
| 21:29 | Crear | Villager (Male) |
| 21:30 | Crear | Villager (Male) |
| 21:36 | Construir | Farm |
| 21:46 | Crear | Villager (Male) |
| 21:46 | Crear | Villager (Male) |
| 21:46 | Crear | Villager (Male) |
| 21:56 | Construir | Stable |
| 22:27 | Investigar | Wheelbarrow |
| 22:40 | Investigar | Husbandry |
| 23:10 | Crear | Knight |
| 23:10 | Crear | Knight |
| 23:26 | Crear | Villager (Male) |
| 23:26 | Crear | Villager (Male) |
| 23:26 | Crear | Villager (Male) |
| 23:27 | Crear | Villager (Male) |
| 23:27 | Crear | Villager (Male) |
| 23:30 | Construir | House |
| 23:31 | Construir | House |
| 23:31 | Construir | House |
Build order — emreabay
Primeras 150 de 367 acciones detectadas
| 0:01 | Crear | Villager (Male) |
| 0:01 | Crear | Villager (Male) |
| 0:04 | Construir | House |
| 0:05 | Construir | House |
| 0:07 | Construir | House |
| 0:19 | Crear | Villager (Male) |
| 0:20 | Crear | Villager (Male) |
| 1:29 | Crear | Villager (Male) |
| 1:52 | Construir | Lumber Camp |
| 2:08 | Crear | Villager (Male) |
| 2:26 | Crear | Villager (Male) |
| 2:58 | Crear | Villager (Male) |
| 3:12 | Crear | Villager (Male) |
| 4:00 | Crear | Villager (Male) |
| 4:01 | Crear | Villager (Male) |
| 4:38 | Crear | Villager (Male) |
| 4:38 | Crear | Villager (Male) |
| 4:53 | Crear | Villager (Male) |
| 5:38 | Crear | Villager (Male) |
| 5:38 | Crear | Villager (Male) |
| 5:50 | Construir | Mill |
| 6:05 | Crear | Villager (Male) |
| 8:06 | Investigar | Feudal Age |
| 8:06 | Investigar | Feudal Age |
| 8:19 | Construir | House |
| 8:26 | Construir | House |
| 8:27 | Construir | House |
| 8:43 | Construir | Barracks |
| 9:05 | Construir | Lumber Camp |
| 9:17 | Construir | Palisade Wall |
| 9:18 | Construir | Palisade Gate |
| 9:25 | Investigar | Loom |
| 9:26 | Crear | Villager (Male) |
| 9:26 | Crear | Villager (Male) |
| 9:36 | Crear | Villager (Male) |
| 9:37 | Crear | Villager (Male) |
| 9:37 | Crear | Villager (Male) |
| 9:48 | Crear | Villager (Male) |
| 9:51 | Construir | Farm |
| 9:58 | Crear | Villager (Male) |
| 10:16 | Edad | Edad Feudal |
| 11:04 | Crear | Villager (Male) |
| 11:06 | Crear | Spearman |
| 11:08 | Construir | Farm |
| 11:18 | Construir | Farm |
| 11:19 | Construir | Farm |
| 11:21 | Construir | Farm |
| 11:25 | Construir | Farm |
| 11:28 | Crear | Villager (Male) |
| 11:35 | Construir | House |
| 11:36 | Construir | House |
| 11:42 | Construir | Farm |
| 11:53 | Construir | Farm |
| 12:03 | Investigar | Double-Bit Axe |
| 12:04 | Investigar | Horse Collar |
| 12:12 | Construir | Mining Camp |
| 12:13 | Crear | Villager (Male) |
| 12:13 | Crear | Villager (Male) |
| 12:36 | Crear | Villager (Male) |
| 12:53 | Construir | Archery Range |
| 12:55 | Crear | Villager (Male) |
| 13:23 | Construir | House |
| 13:28 | Construir | House |
| 13:34 | Construir | House |
| 13:40 | Construir | House |
| 13:56 | Construir | Blacksmith |
| 14:14 | Construir | Watch Tower |
| 14:19 | Construir | House |
| 14:21 | Construir | House |
| 14:22 | Construir | House |
| 14:24 | Crear | Archer |
| 14:34 | Construir | House |
| 14:46 | Construir | House |
| 15:59 | Construir | Lumber Camp |
| 16:01 | Construir | House |
| 16:03 | Construir | House |
| 16:23 | Crear | Archer |
| 16:34 | Construir | House |
| 16:51 | Crear | Archer |
| 17:04 | Crear | Archer |
| 17:11 | Construir | Lumber Camp |
| 19:10 | Construir | Archery Range |
| 19:13 | Construir | House |
| 19:37 | Construir | House |
| 19:50 | Construir | Stone Wall |
| 20:15 | Construir | Farm |
| 20:17 | Crear | Archer |
| 20:23 | Crear | Archer |
| 20:30 | Crear | Villager (Male) |
| 20:30 | Crear | Villager (Male) |
| 21:10 | Construir | House |
| 21:14 | Crear | Archer |
| 21:14 | Crear | Archer |
| 21:16 | Crear | Villager (Male) |
| 21:17 | Crear | Villager (Male) |
| 21:17 | Crear | Villager (Male) |
| 21:18 | Crear | Villager (Male) |
| 21:19 | Crear | Villager (Male) |
| 21:40 | Crear | Archer |
| 21:45 | Construir | Farm |
| 21:47 | Construir | Farm |
| 21:48 | Crear | Villager (Male) |
| 21:48 | Crear | Villager (Male) |
| 21:49 | Crear | Villager (Male) |
| 21:49 | Crear | Villager (Male) |
| 21:49 | Crear | Villager (Male) |
| 21:50 | Crear | Villager (Male) |
| 22:14 | Crear | Archer |
| 22:28 | Crear | Villager (Male) |
| 22:29 | Crear | Villager (Male) |
| 22:29 | Crear | Villager (Male) |
| 22:33 | Construir | House |
| 22:34 | Construir | House |
| 22:39 | Crear | Archer |
| 22:52 | Construir | Farm |
| 22:55 | Construir | Farm |
| 23:07 | Crear | Archer |
| 23:07 | Crear | Archer |
| 23:18 | Construir | Farm |
| 23:26 | Crear | Archer |
| 23:30 | Crear | Villager (Male) |
| 23:32 | Construir | Farm |
| 23:48 | Crear | Villager (Male) |
| 24:07 | Construir | Archery Range |
| 24:19 | Crear | Villager (Male) |
| 24:19 | Crear | Villager (Male) |
| 25:03 | Construir | Stone Wall |
| 25:08 | Construir | Farm |
| 25:11 | Construir | Farm |
| 25:43 | Construir | House |
| 25:44 | Construir | House |
| 25:46 | Construir | House |
| 25:55 | Construir | Farm |
| 26:21 | Construir | Market |
| 26:34 | Investigar | Castle Age |
| 26:43 | Crear | Villager (Male) |
| 26:52 | Crear | Archer |
| 26:53 | Crear | Archer |
| 26:53 | Crear | Archer |
| 26:53 | Crear | Archer |
| 26:53 | Crear | Archer |
| 26:54 | Crear | Archer |
| 26:54 | Crear | Archer |
| 27:19 | Investigar | Fletching |
| 27:43 | Crear | Skirmisher |
| 27:43 | Crear | Skirmisher |
| 27:43 | Crear | Skirmisher |
| 27:43 | Crear | Skirmisher |
| 27:44 | Crear | Skirmisher |
| 27:44 | Crear | Skirmisher |
Build order — Yano
Primeras 150 de 237 acciones detectadas
| 0:01 | Crear | Villager (Male) ×4 |
| 0:03 | Construir | House |
| 0:04 | Construir | House |
| 1:20 | Crear | Villager (Male) |
| 1:54 | Crear | Villager (Male) |
| 1:59 | Construir | Lumber Camp |
| 2:07 | Crear | Villager (Male) |
| 2:54 | Crear | Villager (Male) |
| 2:55 | Crear | Villager (Male) |
| 2:55 | Crear | Villager (Male) |
| 3:23 | Construir | House |
| 3:26 | Construir | House |
| 3:59 | Crear | Villager (Male) |
| 3:59 | Crear | Villager (Male) |
| 4:46 | Construir | Palisade Gate |
| 4:49 | Construir | House |
| 5:08 | Crear | Villager (Male) |
| 5:13 | Crear | Villager (Male) |
| 5:13 | Crear | Villager (Male) |
| 5:47 | Crear | Villager (Male) |
| 5:48 | Crear | Villager (Male) |
| 5:48 | Crear | Villager (Male) |
| 6:21 | Construir | Palisade Wall |
| 6:56 | Construir | Mining Camp |
| 7:03 | Crear | Villager (Male) |
| 7:16 | Construir | Mill |
| 7:24 | Crear | Villager (Male) |
| 8:37 | Crear | Villager (Male) |
| 8:40 | Investigar | Feudal Age |
| 10:04 | Investigar | Loom |
| 10:31 | Crear | Villager (Male) |
| 10:33 | Crear | Villager (Male) |
| 10:34 | Crear | Villager (Male) |
| 10:50 | Edad | Edad Feudal |
| 10:55 | Construir | Farm |
| 10:57 | Construir | Farm |
| 10:59 | Construir | Farm |
| 11:00 | Construir | Farm |
| 11:02 | Construir | Farm |
| 11:48 | Investigar | Castle Age |
| 11:48 | Investigar | Castle Age |
| 11:48 | Investigar | Castle Age |
| 12:07 | Construir | Stable |
| 12:42 | Crear | Villager (Male) |
| 12:44 | Crear | Villager (Male) |
| 13:32 | Investigar | Bloodlines |
| 13:41 | Construir | Blacksmith |
| 14:00 | Crear | Villager (Male) |
| 14:21 | Investigar | Double-Bit Axe |
| 14:28 | Edad | Edad de los Castillos |
| 14:29 | Crear | Knight |
| 14:32 | Crear | Knight |
| 15:06 | Crear | Knight |
| 15:25 | Construir | Farm |
| 15:59 | Construir | Farm |
| 16:01 | Crear | Villager (Male) |
| 16:06 | Construir | Town Center |
| 16:23 | Investigar | Horse Collar |
| 16:45 | Construir | Farm |
| 16:49 | Construir | House |
| 16:50 | Construir | House |
| 17:00 | Construir | House |
| 17:11 | Crear | Villager (Male) |
| 17:12 | Crear | Villager (Male) |
| 18:42 | Crear | Knight |
| 18:43 | Crear | Knight |
| 19:12 | Investigar | Scale Barding Armor |
| 19:13 | Crear | Villager (Male) ×2 |
| 19:22 | Construir | Farm |
| 19:24 | Construir | Farm |
| 19:31 | Construir | Farm |
| 19:32 | Construir | Farm |
| 19:45 | Construir | Town Center |
| 19:49 | Construir | Farm |
| 19:55 | Crear | Villager (Male) |
| 19:56 | Crear | Villager (Male) |
| 20:12 | Crear | Knight |
| 20:21 | Construir | Farm |
| 20:39 | Crear | Villager (Male) |
| 20:42 | Crear | Knight |
| 20:47 | Construir | Farm |
| 21:12 | Crear | Knight |
| 21:19 | Crear | Villager (Male) ×2 |
| 21:22 | Crear | Villager (Male) |
| 21:34 | Construir | Farm |
| 21:37 | Construir | Farm |
| 21:39 | Construir | Farm |
| 21:47 | Crear | Knight |
| 22:12 | Investigar | Heavy Plow |
| 22:18 | Crear | Villager (Male) |
| 22:19 | Crear | Villager (Male) |
| 22:46 | Crear | Villager (Male) ×2 |
| 22:55 | Construir | Farm |
| 22:58 | Construir | Farm |
| 23:00 | Construir | Farm |
| 23:02 | Construir | Farm |
| 23:06 | Crear | Villager (Male) ×3 |
| 23:39 | Crear | Knight |
| 23:43 | Investigar | Forging |
| 23:51 | Investigar | Chain Barding Armor |
| 23:52 | Investigar | Chain Barding Armor |
| 23:52 | Investigar | Chain Barding Armor |
| 24:18 | Construir | Stable |
| 24:18 | Construir | Stable |
| 24:47 | Investigar | Wheelbarrow |
| 24:52 | Investigar | Forging |
| 25:06 | Crear | Villager (Male) ×4 |
| 25:12 | Construir | Lumber Camp |
| 25:33 | Crear | Villager (Male) ×4 |
| 26:30 | Investigar | Iron Casting |
| 26:51 | Investigar | Husbandry |
| 26:53 | Crear | Knight |
| 26:53 | Crear | Knight |
| 26:54 | Crear | Knight |
| 26:57 | Construir | House |
| 27:00 | Construir | House |
| 27:01 | Construir | House |
| 27:06 | Construir | House |
| 27:07 | Construir | House |
| 27:17 | Investigar | Bow Saw |
| 27:18 | Crear | Villager (Male) ×2 |
| 27:33 | Crear | Villager (Male) |
| 27:35 | Construir | House |
| 27:36 | Construir | House |
| 27:40 | Construir | Mining Camp |
| 27:45 | Investigar | Gold Mining |
| 29:17 | Crear | Knight ×5 |
| 29:23 | Construir | Farm |
| 29:27 | Crear | Villager (Male) ×5 |
| 29:43 | Construir | Farm |
| 29:44 | Construir | Farm |
| 29:49 | Construir | Farm |
| 29:50 | Construir | Farm |
| 29:52 | Construir | Farm |
| 30:02 | Crear | Villager (Male) ×5 |
| 30:16 | Construir | Town Center |
| 31:29 | Crear | Villager (Male) ×5 |
| 31:36 | Construir | Farm |
| 31:36 | Construir | Farm |
| 31:36 | Construir | Farm |
| 31:36 | Construir | Farm |
| 31:37 | Construir | Farm |
| 31:37 | Construir | Farm |
| 31:38 | Construir | Farm |
| 32:15 | Investigar | Stone Mining |
| 32:24 | Construir | University |
| 33:07 | Investigar | Imperial Age |
| 33:26 | Construir | Farm |
| 33:27 | Construir | Farm |
| 33:29 | Construir | Farm |
Build order — Rovey
Primeras 150 de 351 acciones detectadas
| 0:03 | Construir | House |
| 0:04 | Construir | House |
| 0:07 | Crear | Villager (Male) ×4 |
| 0:07 | Crear | Villager (Male) ×4 |
| 1:31 | Crear | Villager (Male) |
| 1:56 | Construir | Lumber Camp |
| 2:03 | Crear | Villager (Male) |
| 2:20 | Crear | Villager (Male) |
| 2:52 | Crear | Villager (Male) |
| 2:52 | Crear | Villager (Male) |
| 3:07 | Construir | House |
| 3:08 | Construir | House |
| 3:15 | Crear | Villager (Male) |
| 3:48 | Crear | Villager (Male) |
| 4:02 | Construir | House |
| 4:20 | Crear | Villager (Male) |
| 4:20 | Crear | Villager (Male) |
| 4:34 | Construir | Palisade Wall |
| 5:08 | Crear | Villager (Male) |
| 5:08 | Crear | Villager (Male) |
| 5:08 | Crear | Villager (Male) |
| 5:09 | Crear | Villager (Male) |
| 5:24 | Construir | Palisade Gate |
| 5:31 | Crear | Villager (Male) |
| 5:42 | Investigar | Loom |
| 5:43 | Crear | Villager (Male) |
| 5:43 | Crear | Villager (Male) |
| 5:43 | Crear | Villager (Male) |
| 6:15 | Crear | Villager (Male) |
| 6:16 | Crear | Villager (Male) ×3 |
| 6:16 | Crear | Villager (Male) ×3 |
| 6:46 | Construir | Mill |
| 6:48 | Crear | Villager (Male) ×2 |
| 6:48 | Crear | Villager (Male) ×2 |
| 8:09 | Construir | Mill |
| 8:19 | Investigar | Feudal Age |
| 8:33 | Construir | Mining Camp |
| 9:57 | Construir | House |
| 10:44 | Crear | Villager (Male) |
| 10:45 | Crear | Villager (Male) |
| 11:30 | Edad | Edad Feudal |
| 11:32 | Construir | Market |
| 11:35 | Construir | Blacksmith |
| 11:39 | Investigar | Double-Bit Axe |
| 12:02 | Crear | Villager (Male) |
| 12:49 | Investigar | Castle Age |
| 12:50 | Investigar | Castle Age |
| 13:33 | Construir | Barracks |
| 13:40 | Investigar | Scale Barding Armor |
| 13:41 | Investigar | Forging |
| 13:53 | Investigar | Horse Collar |
| 13:55 | Investigar | Gold Mining |
| 14:28 | Construir | Stable |
| 14:39 | Crear | Villager (Male) |
| 14:39 | Crear | Villager (Male) |
| 15:29 | Edad | Edad de los Castillos |
| 15:42 | Construir | Town Center |
| 15:58 | Crear | Steppe Lancer |
| 16:06 | Crear | Villager (Male) |
| 16:06 | Crear | Villager (Male) |
| 16:07 | Crear | Villager (Male) |
| 16:13 | Investigar | Bow Saw |
| 16:30 | Construir | House |
| 16:31 | Construir | House |
| 16:38 | Crear | Villager (Male) |
| 16:38 | Crear | Villager (Male) |
| 16:52 | Construir | Farm |
| 16:53 | Construir | Farm |
| 17:05 | Construir | Farm |
| 17:06 | Construir | Farm |
| 17:12 | Crear | Villager (Male) |
| 17:13 | Crear | Villager (Male) |
| 17:17 | Crear | Villager (Male) ×4 |
| 17:18 | Crear | Villager (Male) ×4 |
| 17:28 | Construir | Farm |
| 17:30 | Construir | Farm |
| 17:33 | Construir | Farm |
| 17:39 | Construir | Farm |
| 18:11 | Construir | Farm |
| 18:18 | Crear | Villager (Male) |
| 18:18 | Crear | Villager (Male) |
| 18:25 | Construir | Farm |
| 18:26 | Construir | Farm |
| 18:26 | Construir | Farm |
| 18:27 | Construir | Farm |
| 18:31 | Construir | Farm |
| 18:31 | Construir | Farm |
| 18:33 | Construir | Farm |
| 18:34 | Construir | Farm |
| 18:41 | Crear | Steppe Lancer |
| 19:00 | Crear | Villager (Male) |
| 19:16 | Construir | Mining Camp |
| 19:17 | Crear | Steppe Lancer |
| 19:23 | Crear | Villager (Male) ×2 |
| 19:23 | Crear | Villager (Male) ×2 |
| 19:44 | Crear | Villager (Male) |
| 19:45 | Crear | Steppe Lancer |
| 19:48 | Crear | Villager (Male) |
| 19:48 | Crear | Villager (Male) |
| 19:55 | Construir | Gate |
| 20:13 | Construir | Siege Workshop |
| 20:20 | Crear | Villager (Male) |
| 20:20 | Crear | Villager (Male) |
| 20:22 | Crear | Steppe Lancer |
| 20:36 | Construir | Gate |
| 20:38 | Crear | Villager (Male) |
| 20:38 | Crear | Villager (Male) |
| 20:41 | Construir | House |
| 20:43 | Construir | House |
| 20:43 | Construir | House |
| 20:51 | Construir | House |
| 20:56 | Crear | Villager (Male) |
| 20:58 | Crear | Steppe Lancer |
| 21:01 | Crear | Mangonel |
| 21:20 | Crear | Villager (Male) |
| 21:21 | Crear | Villager (Male) |
| 21:48 | Construir | Town Center |
| 21:51 | Crear | Villager (Male) |
| 21:52 | Crear | Steppe Lancer |
| 21:55 | Crear | Villager (Male) |
| 21:55 | Crear | Villager (Male) |
| 22:05 | Construir | House |
| 22:06 | Construir | House |
| 22:08 | Construir | House |
| 22:16 | Crear | Villager (Male) |
| 22:18 | Crear | Villager (Male) |
| 22:35 | Construir | House |
| 22:37 | Construir | House |
| 22:49 | Crear | Villager (Male) |
| 22:50 | Crear | Villager (Male) |
| 22:58 | Crear | Villager (Male) |
| 22:58 | Crear | Villager (Male) |
| 22:58 | Crear | Villager (Male) |
| 23:10 | Crear | Villager (Male) ×2 |
| 23:15 | Construir | Farm |
| 23:16 | Construir | Farm |
| 23:17 | Construir | Farm |
| 23:18 | Construir | Farm |
| 23:20 | Construir | Farm |
| 23:29 | Crear | Villager (Male) |
| 23:42 | Crear | Villager (Male) |
| 23:42 | Crear | Villager (Male) |
| 23:43 | Crear | Villager (Male) |
| 23:43 | Crear | Villager (Male) |
| 23:48 | Crear | Mangonel |
| 24:06 | Investigar | Stone Mining |
| 24:16 | Construir | Lumber Camp |
| 24:21 | Crear | Villager (Male) |
| 24:27 | Construir | Farm |
| 24:31 | Crear | Villager (Male) ×2 |
Build order — Kefko2112
Primeras 150 de 285 acciones detectadas
| 0:00 | Crear | Villager (Male) |
| 0:00 | Crear | Villager (Male) |
| 0:01 | Crear | Villager (Male) |
| 0:01 | Crear | Villager (Male) |
| 0:01 | Crear | Villager (Male) |
| 0:04 | Construir | House |
| 0:06 | Construir | House |
| 1:27 | Crear | Villager (Male) |
| 1:27 | Crear | Villager (Male) |
| 1:45 | Construir | Lumber Camp |
| 1:57 | Crear | Villager (Male) |
| 1:58 | Crear | Villager (Male) |
| 2:04 | Crear | Villager (Male) |
| 2:04 | Crear | Villager (Male) |
| 2:56 | Crear | Villager (Male) |
| 2:56 | Crear | Villager (Male) |
| 2:56 | Crear | Villager (Male) |
| 3:12 | Crear | Villager (Male) |
| 3:12 | Crear | Villager (Male) |
| 3:53 | Construir | House |
| 4:06 | Construir | House |
| 4:09 | Crear | Villager (Male) |
| 4:09 | Crear | Villager (Male) |
| 4:41 | Construir | Mill |
| 4:50 | Crear | Villager (Male) |
| 4:59 | Construir | Palisade Gate |
| 5:18 | Crear | Villager (Male) |
| 5:18 | Crear | Villager (Male) |
| 5:19 | Crear | Villager (Male) |
| 5:23 | Construir | Palisade Wall |
| 6:04 | Crear | Villager (Male) |
| 6:04 | Crear | Villager (Male) |
| 6:44 | Crear | Villager (Male) |
| 6:46 | Crear | Villager (Male) |
| 7:34 | Investigar | Feudal Age |
| 7:42 | Construir | Mining Camp |
| 8:23 | Crear | Villager (Male) |
| 8:36 | Construir | House |
| 8:44 | Construir | Barracks |
| 9:11 | Crear | Villager (Male) |
| 9:44 | Edad | Edad Feudal |
| 9:47 | Construir | Archery Range |
| 9:50 | Construir | Archery Range |
| 10:03 | Investigar | Double-Bit Axe |
| 10:44 | Crear | Villager (Male) |
| 10:45 | Crear | Archer ×5 |
| 10:52 | Construir | House |
| 11:08 | Crear | Villager (Male) |
| 11:19 | Construir | Blacksmith |
| 11:24 | Construir | House |
| 11:34 | Crear | Villager (Male) |
| 11:42 | Crear | Archer ×3 |
| 11:43 | Crear | Villager (Male) |
| 12:16 | Construir | Farm |
| 12:21 | Crear | Archer ×2 |
| 12:26 | Construir | House |
| 12:31 | Crear | Villager (Male) |
| 12:44 | Construir | Farm |
| 12:47 | Investigar | Fletching |
| 12:52 | Construir | Farm |
| 12:58 | Crear | Archer |
| 13:16 | Crear | Villager (Male) |
| 13:20 | Construir | Farm |
| 13:24 | Construir | House |
| 13:41 | Crear | Villager (Male) |
| 13:42 | Crear | Archer ×2 |
| 13:47 | Construir | Farm |
| 14:06 | Crear | Archer ×2 |
| 14:11 | Crear | Villager (Male) |
| 14:15 | Construir | House |
| 14:21 | Construir | Farm |
| 14:22 | Crear | Villager (Male) |
| 15:00 | Crear | Villager (Male) |
| 15:05 | Construir | Market |
| 15:19 | Crear | Villager (Male) |
| 15:29 | Construir | Farm |
| 15:31 | Construir | Farm |
| 15:54 | Crear | Villager (Male) |
| 16:04 | Crear | Villager (Male) |
| 16:09 | Construir | Farm |
| 16:18 | Construir | Farm |
| 16:21 | Construir | Farm |
| 16:21 | Crear | Villager (Male) |
| 16:23 | Construir | Farm |
| 16:46 | Construir | House |
| 16:46 | Crear | Villager (Male) |
| 17:01 | Crear | Archer |
| 17:02 | Crear | Archer ×5 |
| 17:02 | Crear | Villager (Male) |
| 17:05 | Construir | Farm |
| 17:06 | Investigar | Wheelbarrow |
| 17:15 | Construir | Farm |
| 17:17 | Crear | Villager (Male) |
| 17:54 | Construir | Farm |
| 18:43 | Investigar | Castle Age |
| 19:11 | Crear | Archer |
| 19:20 | Construir | Archery Range |
| 19:24 | Construir | House |
| 19:26 | Construir | House |
| 19:26 | Construir | House |
| 19:29 | Crear | Villager (Male) |
| 19:30 | Investigar | Horse Collar |
| 19:31 | Investigar | Gold Mining |
| 19:32 | Crear | Archer |
| 20:02 | Crear | Archer ×2 |
| 20:21 | Crear | Villager (Male) |
| 21:09 | Crear | Archer ×4 |
| 21:29 | Edad | Edad de los Castillos |
| 21:32 | Construir | Siege Workshop |
| 21:42 | Construir | Town Center |
| 21:48 | Investigar | Crossbowman (upgrade) |
| 21:49 | Investigar | Padded Archer Armor |
| 22:10 | Investigar | Bodkin Arrow |
| 22:36 | Crear | Villager (Male) ×5 |
| 22:37 | Crear | Archer |
| 22:40 | Construir | Farm |
| 22:50 | Crear | Archer |
| 23:27 | Crear | Archer ×2 |
| 23:44 | Crear | Archer |
| 23:45 | Crear | Villager (Male) ×5 |
| 24:02 | Construir | Town Center |
| 24:07 | Construir | House |
| 24:10 | Crear | Archer ×2 |
| 24:25 | Crear | Archer |
| 24:35 | Crear | Archer |
| 24:45 | Crear | Archer |
| 24:57 | Construir | Farm |
| 24:58 | Construir | Farm |
| 25:00 | Crear | Archer |
| 25:11 | Crear | Archer |
| 25:11 | Crear | Archer |
| 25:52 | Crear | Archer ×5 |
| 25:53 | Crear | Villager (Male) ×5 |
| 26:01 | Construir | Farm |
| 26:01 | Construir | Farm |
| 26:02 | Construir | Farm |
| 26:02 | Construir | Farm |
| 26:02 | Construir | Farm |
| 26:02 | Construir | Farm |
| 26:48 | Crear | Archer ×5 |
| 26:49 | Crear | Villager (Male) ×5 |
| 26:52 | Construir | House |
| 26:53 | Construir | House |
| 26:54 | Construir | House |
| 27:13 | Crear | Archer ×5 |
| 27:15 | Construir | House |
| 27:19 | Construir | House |
| 27:57 | Crear | Archer ×5 |
| 27:58 | Crear | Villager (Male) ×5 |
| 28:03 | Construir | House |
Build order — luckyseven2
Primeras 150 de 359 acciones detectadas
| 0:03 | Crear | Villager (Male) |
| 0:03 | Crear | Villager (Male) |
| 0:03 | Crear | Villager (Male) |
| 0:03 | Crear | Villager (Male) |
| 0:03 | Crear | Villager (Male) |
| 0:07 | Construir | House |
| 0:10 | Construir | House |
| 1:33 | Crear | Villager (Male) |
| 1:33 | Crear | Villager (Male) |
| 1:33 | Crear | Villager (Male) |
| 1:33 | Crear | Villager (Male) |
| 1:51 | Construir | Lumber Camp |
| 1:57 | Crear | Villager (Male) |
| 1:57 | Crear | Villager (Male) |
| 1:58 | Crear | Villager (Male) |
| 2:29 | Crear | Villager (Male) |
| 2:30 | Crear | Villager (Male) |
| 2:30 | Crear | Villager (Male) |
| 2:30 | Crear | Villager (Male) |
| 2:44 | Construir | Palisade Wall |
| 2:47 | Construir | Palisade Wall |
| 2:56 | Crear | Villager (Male) |
| 3:18 | Crear | Villager (Male) |
| 3:19 | Crear | Villager (Male) |
| 3:19 | Crear | Villager (Male) |
| 3:19 | Crear | Villager (Male) |
| 3:42 | Crear | Villager (Male) |
| 3:42 | Crear | Villager (Male) |
| 3:42 | Crear | Villager (Male) |
| 3:53 | Construir | Palisade Gate |
| 4:07 | Crear | Villager (Male) |
| 4:07 | Crear | Villager (Male) |
| 4:07 | Crear | Villager (Male) |
| 4:07 | Crear | Villager (Male) |
| 4:51 | Crear | Villager (Male) |
| 4:51 | Crear | Villager (Male) |
| 4:52 | Crear | Villager (Male) |
| 5:00 | Construir | House |
| 5:17 | Construir | House |
| 5:20 | Construir | House |
| 5:22 | Construir | House |
| 5:27 | Crear | Villager (Male) |
| 5:27 | Crear | Villager (Male) |
| 5:27 | Crear | Villager (Male) |
| 5:28 | Crear | Villager (Male) |
| 6:15 | Crear | Villager (Male) |
| 6:16 | Crear | Villager (Male) |
| 6:16 | Crear | Villager (Male) |
| 6:16 | Crear | Villager (Male) |
| 6:16 | Crear | Villager (Male) |
| 6:27 | Construir | Mill |
| 7:21 | Crear | Villager (Male) |
| 7:31 | Construir | House |
| 7:35 | Construir | House |
| 7:55 | Crear | Villager (Male) |
| 8:54 | Construir | Barracks |
| 9:01 | Investigar | Feudal Age |
| 9:01 | Investigar | Feudal Age |
| 9:31 | Construir | Farm |
| 9:38 | Construir | Farm |
| 9:46 | Construir | Farm |
| 9:51 | Construir | Farm |
| 10:16 | Construir | Farm |
| 11:02 | Crear | Villager (Male) |
| 11:02 | Crear | Villager (Male) |
| 11:03 | Crear | Villager (Male) |
| 11:03 | Crear | Villager (Male) |
| 11:11 | Construir | Mining Camp |
| 11:20 | Construir | Mining Camp |
| 11:22 | Edad | Edad Feudal |
| 11:30 | Construir | Farm |
| 11:35 | Construir | Farm |
| 11:40 | Construir | Farm |
| 12:04 | Investigar | Double-Bit Axe |
| 12:37 | Construir | Blacksmith |
| 12:59 | Crear | Villager (Male) |
| 13:11 | Construir | Farm |
| 13:40 | Crear | Spearman |
| 13:52 | Construir | Market |
| 13:59 | Construir | Farm |
| 14:02 | Crear | Villager (Male) |
| 14:02 | Crear | Villager (Male) |
| 14:34 | Construir | Mining Camp |
| 14:59 | Investigar | Castle Age |
| 14:59 | Investigar | Castle Age |
| 14:59 | Investigar | Castle Age |
| 14:59 | Investigar | Castle Age |
| 14:59 | Investigar | Castle Age |
| 15:22 | Crear | Spearman |
| 15:22 | Crear | Spearman |
| 16:13 | Construir | Archery Range |
| 17:33 | Crear | Skirmisher |
| 17:34 | Crear | Skirmisher |
| 17:35 | Crear | Skirmisher |
| 17:39 | Edad | Edad de los Castillos |
| 18:00 | Construir | Castle |
| 18:28 | Crear | Villager (Male) |
| 18:34 | Construir | Town Center |
| 18:47 | Construir | Town Center |
| 18:58 | Crear | Villager (Male) |
| 18:58 | Crear | Villager (Male) |
| 18:58 | Crear | Villager (Male) |
| 19:21 | Construir | Siege Workshop |
| 19:44 | Crear | Villager (Male) |
| 19:45 | Crear | Villager (Male) |
| 20:18 | Crear | Villager (Male) |
| 20:18 | Crear | Villager (Male) |
| 20:25 | Construir | Farm |
| 20:42 | Crear | Villager (Male) |
| 20:44 | Crear | Villager (Male) |
| 20:44 | Crear | Villager (Male) |
| 21:00 | Crear | Mangonel |
| 21:01 | Crear | Mangonel |
| 21:12 | Crear | Villager (Male) |
| 21:12 | Crear | Villager (Male) |
| 21:21 | Crear | Villager (Male) |
| 21:21 | Crear | Villager (Male) |
| 21:57 | Crear | Mangonel |
| 22:06 | Crear | Villager (Male) |
| 22:06 | Crear | Villager (Male) |
| 22:48 | Construir | Town Center |
| 22:52 | Crear | Villager (Male) |
| 22:52 | Crear | Villager (Male) |
| 23:00 | Crear | Villager (Male) |
| 23:00 | Crear | Villager (Male) |
| 23:29 | Construir | Farm |
| 23:39 | Crear | Villager (Male) |
| 23:40 | Crear | Villager (Male) |
| 23:56 | Construir | Stable |
| 24:01 | Construir | Farm |
| 24:09 | Construir | Farm |
| 24:21 | Crear | Villager (Male) |
| 24:21 | Crear | Villager (Male) |
| 24:33 | Construir | Farm |
| 24:54 | Construir | Farm |
| 24:59 | Construir | Farm |
| 25:02 | Crear | Villager (Male) |
| 25:15 | Construir | Farm |
| 25:16 | Construir | Farm |
| 25:24 | Construir | Farm |
| 25:42 | Construir | Farm |
| 25:58 | Crear | Villager (Male) |
| 25:58 | Crear | Villager (Male) |
| 26:01 | Crear | Villager (Male) |
| 26:09 | Construir | Mining Camp |
| 26:51 | Investigar | Imperial Age |
| 26:51 | Investigar | Imperial Age |
| 26:58 | Construir | Mining Camp |
| 27:05 | Crear | Knight |
| 27:16 | Construir | Farm |
Cronología de la partida
| 2:44 | luckyseven2 · wall_segment Palisade Wall x7 |
| 2:47 | luckyseven2 · wall_segment Palisade Wall x5 |
| 4:34 | Rovey · wall_segment Palisade Wall x10 |
| 4:44 | GroenBoer | PromoStars.co.za · wall_segment Palisade Wall x12 |
| 5:23 | Kefko2112 · wall_segment Palisade Wall x6 |
| 6:21 | Yano · wall_segment Palisade Wall x4 |
| 8:43 | emreabay · first_building Barracks |
| 8:44 | Kefko2112 · first_building Barracks |
| 8:54 | luckyseven2 · first_building Barracks |
| 9:17 | emreabay · wall_segment Palisade Wall x11 |
| 9:44 | Kefko2112 · age_up feudal |
| 9:47 | Kefko2112 · first_building Archery Range |
| 10:16 | emreabay · age_up feudal |
| 10:50 | Yano · age_up feudal |
| 11:22 | luckyseven2 · age_up feudal |
| 11:28 | GroenBoer | PromoStars.co.za · age_up feudal |
| 11:30 | Rovey · age_up feudal |
| 11:47 | GroenBoer | PromoStars.co.za · first_building Barracks |
| 12:00 | GroenBoer | PromoStars.co.za · wall_segment Stone Wall x1 |
| 12:05 | GroenBoer | PromoStars.co.za · wall_segment Stone Wall x11 |
| 12:07 | Yano · first_building Stable |
| 12:53 | emreabay · first_building Archery Range |
| 13:33 | Rovey · first_building Barracks |
| 14:28 | Yano · age_up castle |
| 14:28 | Rovey · first_building Stable |
| 15:17 | luckyseven2 · first_market_sell 100 wood |
| 15:19 | luckyseven2 · first_market_buy 100 stone |
| 15:27 | GroenBoer | PromoStars.co.za · first_building Stable |
| 15:29 | Rovey · age_up castle |
| 16:13 | luckyseven2 · first_building Archery Range |
| 17:11 | Rovey · first_market_buy 100 food |
| 17:11 | GroenBoer | PromoStars.co.za · age_up castle |
| 17:26 | GroenBoer | PromoStars.co.za · first_market_buy 100 stone |
| 17:39 | luckyseven2 · age_up castle |
| 18:00 | luckyseven2 · first_building Castle |
| 18:15 | Kefko2112 · first_market_buy 100 food |
| 19:21 | luckyseven2 · first_building Siege Workshop |
| 19:50 | emreabay · wall_segment Stone Wall x6 |
| 20:13 | Rovey · first_building Siege Workshop |
| 21:29 | Kefko2112 · age_up castle |
| 21:32 | Kefko2112 · first_building Siege Workshop |
| 23:56 | luckyseven2 · first_building Stable |
| 25:03 | emreabay · wall_segment Stone Wall x17 |
| 26:01 | GroenBoer | PromoStars.co.za · wall_segment Stone Wall x3 |
| 26:14 | GroenBoer | PromoStars.co.za · wall_segment Stone Wall x1 |
| 26:35 | GroenBoer | PromoStars.co.za · wall_segment Stone Wall x1 |
| 26:36 | GroenBoer | PromoStars.co.za · wall_segment Stone Wall x1 |
| 26:36 | GroenBoer | PromoStars.co.za · wall_segment Stone Wall x2 |
| 26:37 | GroenBoer | PromoStars.co.za · wall_segment Stone Wall x2 |
| 26:37 | GroenBoer | PromoStars.co.za · wall_segment Stone Wall x1 |
| 26:46 | GroenBoer | PromoStars.co.za · wall_segment Stone Wall x1 |
| 26:48 | GroenBoer | PromoStars.co.za · wall_segment Stone Wall x1 |
| 26:48 | GroenBoer | PromoStars.co.za · wall_segment Stone Wall x2 |
| 26:49 | GroenBoer | PromoStars.co.za · wall_segment Stone Wall x2 |
| 27:00 | Rovey · first_building Castle |
| 27:07 | GroenBoer | PromoStars.co.za · wall_segment Stone Wall x1 |
| 27:14 | GroenBoer | PromoStars.co.za · wall_segment Stone Wall x1 |
| 27:16 | GroenBoer | PromoStars.co.za · wall_segment Stone Wall x3 |
| 29:14 | emreabay · age_up castle |
| 29:55 | Kefko2112 · first_market_sell 100 food |
| 29:59 | Rovey · first_market_sell 500 food |
| 30:00 | GroenBoer | PromoStars.co.za · first_market_sell 100 wood |
| 30:01 | luckyseven2 · age_up imperial |
| 31:35 | Rovey · age_up imperial |
| 31:57 | GroenBoer | PromoStars.co.za · first_building Castle |
| 32:03 | GroenBoer | PromoStars.co.za · first_building Monastery |
| 32:38 | emreabay · first_market_buy 100 stone |
| 33:48 | Yano · first_building Barracks |
| 34:28 | Yano · first_building Castle |
| 34:51 | Kefko2112 · first_building Castle |
| 35:35 | Kefko2112 · age_up imperial |
| 36:17 | Yano · age_up imperial |
| 39:08 | Yano · first_market_sell 500 wood |
| 42:01 | Kefko2112 · first_building Stable |
| 42:41 | Yano · tribute_sent a jugador 1 |
| 42:41 | Yano · tribute_sent a jugador 3 |
| 42:41 | Yano · tribute_sent a jugador 4 |
| 42:41 | Yano · tribute_sent a jugador 5 |
| 42:41 | Yano · tribute_sent a jugador 6 |
| 42:47 | emreabay · wall_segment Stone Wall x4 |
| 43:31 | Yano · first_market_buy 100 stone |
| 45:52 | emreabay · wall_segment Stone Wall x10 |
| 46:11 | GroenBoer | PromoStars.co.za · first_building Archery Range |
| 46:42 | emreabay · first_building Castle |
| 47:03 | emreabay · first_market_sell 100 wood |
| 47:35 | emreabay · first_building Stable |
| 49:02 | luckyseven2 · resign |
| 51:33 | emreabay · age_up imperial |
[ ANÁLISIS IA · 1 CRÉDITO ]
¿Qué pasó realmente en esta partida?
Wolo.gg analiza cada decisión: build order, eco, micro, errores típicos por bracket. Análisis personalizado por WhatsApp o Discord en 30 segundos.
Guía civ
Francos
Perfil
GroenBoer | PromoStars.co.za